[Event "Late-Titled-Tuesday-Blitz-March-05-2024"]
[Site "Chess.com"]
[Date "2024.03.05"]
[Round "3"]
[White "Sanan_Sjugirov"]
[Black "MKlose11"]
[Result "1-0"]
[WhiteElo "2991"]
[BlackElo "2627"]
[TimeControl "180+1"]
[EndTime "14:28:09 PST"]
[Termination "Sanan_Sjugirov won by checkmate"]

1. e4 e6 2. d4 d5 3. Nd2 Be7 4. Ngf3 Nf6 5. e5 Nfd7 6. Bd3 c5 7. c3 Nc6 8. O-O a5 9. a4 cxd4 10. cxd4 Nb4 11. Bb1 b6 12. Re1 Ba6 13. Nf1 Rc8 14.
Ra3 Qc7 15. Rc3 Qb7 16. Ng3 Rxc3 17. bxc3 Nc6 18. Ng5 h6 19. Qh5 Bxg5 20. Bxg5 b5 21. axb5 Qxb5 22. Bd2 a4 23. Qg4 g5 24. h4 Qb2 25. Be3 a3 26. hxg5 hxg5 27. Qxg5 a2 28. Bxa2 Qxa2 29. Qg7 Rf8 30. Bh6 Bd3 31. Nh5 Qa3 32.
Nf6+ Nxf6 33. exf6 Nb8 34. Bc1 Qxc3 35. Rxe6+ Kd7 36. Re7+ Kc6 37. Bf4 Nd7 38. Rxd7 Kxd7 39. Qxf8 Qe1+ 40. Kh2 Bg6 41. Qd6+ Ke8 42. Qb8+ Kd7 43.
Qd6+ Ke8 44. Qc6+ Kd8 45. Bc7+ Kc8 46. Bd6+ Kd8 47. Qc7+ Ke8 48. Qc8# 1-0

[Event "Late-Titled-Tuesday-Blitz-March-05-2024"]
[Site "Chess.com"]
[Date "2024.03.05"]
[Round "3"]
[White "Zq1"]
[Black "rickywsb"]
[Result "0-1"]
[WhiteElo "2595"]
[BlackElo "2357"]
[TimeControl "180+1"]
[EndTime "14:28:09 PST"]
[Termination "rickywsb won by checkmate"]

1. d4 d5 2. c4 e6 3. Nc3 Nf6 4. cxd5 exd5 5. Bg5 Be7 6. Qc2 c6 7. e3 h6 8. Bh4 O-O 9. Bd3 Nbd7 10. Nge2 b6 11. f3 c5 12. O-O Bb7 13. Qd2 Rc8 14.
Bf2 a6 15. a4 Nb8 16. Ng3 cxd4 17. exd4 Bb4 18. Nf5 Nc6 19. Bh4 Re8 20. Rae1 Bf8 21.
Rxe8 Qxe8 22. Re1 Qd8 23. Qf4 g5 24. Bxg5 hxg5 25. Qxg5+ Kh8 26. Re5 Nxe5 27. dxe5 Nh7 28. Qh5 Qg5 29. Qh3 d4 30. Nxd4 Qe3+ 31. Kf1 Qxd3+ 32.
Nce2 Bc5 33. Qd7 Bxd4 34. Qxb7 Qd1# 0-1

[Event "Late-Titled-Tuesday-Blitz-March-05-2024"]
[Site "Chess.com"]
[Date "2024.03.05"]
[Round "3"]
[White "Lukianoo"]
[Black "IMRosen"]
[Result "1-0"]
[WhiteElo "2879"]
[BlackElo "2668"]
[TimeControl "180+1"]
[EndTime "14:28:10 PST"]
[Termination "Lukianoo won on time"]

1. e4 c5 2. Nf3 Nc6 3. Bb5 e6 4. O-O Nge7 5. Re1 a6 6. Bf1 d5 7. exd5 Nxd5 8. d4 Nf6 9. Be3 cxd4 10. Nxd4 Qc7 11. Nc3 Be7 12. Qf3 Nxd4 13. Bxd4 Bd7 14.
Be5 Qb6 15. Rad1 Bc6 16. Qg3 O-O 17. Rd4 Nh5 18. Qh3 g6 19. g4 Ng7 20. Rd3 Rad8 21.
Qh6 f6 22. Rh3 fxe5 23. Qxh7+ Kf7 24. Bd3 Ke8 25. Re2 Qxb2 26. Nd1 Qc1 27. Re1 Qg5 28.
Qxg7 Rf7 29. Bxg6 Kd7 30. Qxf7 Qxg4+ 31. Rg3 Qh4 32. Bf5 1-0

[Event "Late-Titled-Tuesday-Blitz-March-05-2024"]
[Site "Chess.com"]
[Date "2024.03.05"]
[Round "3"]
[White "GMBenjaminBok"]
[Black "Bryanl106"]
[Result "0-1"]
[WhiteElo "2959"]
[BlackElo "2639"]
[TimeControl "180+1"]
[EndTime "14:28:10 PST"]
[Termination "Bryanl106 won by checkmate"]

1. d4 Nf6 2. c4 g6 3. g3 Bg7 4. Bg2 O-O 5. Nc3 d6 6. Nf3 Nc6 7. O-O Bg4 8. Be3 Nd7 9. Rc1 e5 10. dxe5 Bxf3 11. exf3 Ndxe5 12. b3 h5 13. h3 h4 14. f4 Nd7 15. g4 Re8 16. g5 Nc5 17. Nd5 Qc8 18. f5 Ne5 19. f6 Bf8 20. Bxc5 dxc5 21. f4 Nc6 22. f5 Re5 23. Qg4 Nd4 24.
Rce1 Rxf5 25. Ne7+ Bxe7 26. fxe7 Qd7 27. Qxh4 Re8 28.
Qe4 Rxf1+ 29. Kxf1 Nf5 30. Qxb7 Rxe7 31. Qa8+ Kg7 32.
Qf3 Rxe1+ 33. Kxe1 Qe7+ 34. Kf2 Qxg5 35. Qe4 Qg3+ 36. Kg1 Nh4 37. Kf1 f5 38. Qe6 Qxg2+ 39. Ke1 Nf3+ 40. Kd1 Qd2# 0-1

[Event "Late-Titled-Tuesday-Blitz-March-05-2024"]
[Site "Chess.com"]
[Date "2024.03.05"]
[Round "3"]
[White "ventdelest"]
[Black "XeresLt"]
[Result "0-1"]
[WhiteElo "2080"]
[BlackElo "2472"]
[TimeControl "180+1"]
[EndTime "14:28:10 PST"]
[Termination "XeresLt won by resignation"]

1. e4 c5 2. Nf3 Nc6 3. Bb5 g6 4. d3 Bg7 5. c3 e5 6. Ba4 Nge7 7. O-O O-O 8. Nbd2 d5 9. Re1 a6 10. Bc2 d4 11. c4 f5 12. exf5 gxf5 13. Nf1 f4 14.
N1d2 Kh8 15. Ne4 b6 16. Nfg5 Bf5 17. h3 Qd7 18. Kh2 h6 19. Nf3 Rg8 20. Rg1 Raf8 21. Bd2 Bf6 22. Nxf6 Rxf6 23. Nh4 Bh7 24. Qe2 Nf5 25.
Nxf5 Qxf5 26. g4 Qg5 27. Qf3 e4 28. dxe4 Ne5 29. Qg2 d3 30. Bd1 Nxc4 31. Bc3 Ne5 32. Bf3 Rd8 33. b3 b5 34. a4 b4 35. Bd2 Rd4 36.
Rac1 Nxf3+ 37. Qxf3 Bxe4 38. Qd1 Qh4 39. f3 Qf2+ 40.
Rg2 Qxf3 41. Qxf3 Bxf3 42. Rxc5 Bxg2 43. Kxg2 f3+ 44. Kf2 Re4 45. Be3 Rxe3 46. Kxe3 f2 0-1

[Event "Late-Titled-Tuesday-Blitz-March-05-2024"]
[Site "Chess.com"]
[Date "2024.03.05"]
[Round "3"]
[White "Mikhail_Golubev"]
[Black "MusicCityMaster"]
[Result "0-1"]
[WhiteElo "2642"]
[BlackElo "2502"]
[TimeControl "180+1"]
[EndTime "14:28:11 PST"]
[Termination "MusicCityMaster won by resignation"]

1. e4 e6 2. d4 d5 3. Nc3 Bb4 4.
e5 c5 5. a3 Bxc3+ 6. bxc3 Ne7 7. a4 Qc7 8. Nf3 h6 9. Bb5+ Bd7 10. Bd3 O-O 11. O-O Nbc6 12. Ba3 cxd4 13. cxd4 Rfc8 14.
a5 Be8 15. Qd2 Qd8 16. Rfb1 Rc7 17. Bd6 Rd7 18. Bc5 Rc8 19. Rb2 Ng6 20. g3 Ncxe5 21.
Nxe5 Nxe5 22. Be2 Nc4 23. Bxc4 dxc4 24. Bxa7 e5 25. Qb4 exd4 26. Re1 d3 27. Bb6 Qf6 28.
cxd3 cxd3 29. Rd2 Rd5 30. h4 Bc6 31. Qb3 Qf3 32. Re3 Qf5 33. Rexd3 Rxd3 34. Qxd3 Qh3 35. f4 Re8 36. Qf1 Qh1+ 37. Kf2 Qh2+ 0-1

[Event "Late-Titled-Tuesday-Blitz-March-05-2024"]
[Site "Chess.com"]
[Date "2024.03.05"]
[Round "3"]
[White "aa175"]
[Black "Harsha_Bharathakoti"]
[Result "0-1"]
[WhiteElo "2710"]
[BlackElo "2971"]
[TimeControl "180+1"]
[EndTime "14:28:12 PST"]
[Termination "Harsha_Bharathakoti won by resignation"]

1. d4 e6 2. Bf4 c5 3. e3 Qb6 4. Nc3 a6 5. a3 d5 6. Nf3 Nf6 7.
Be2 Bd7 8. O-O Be7 9. Ne5 O-O 10. Rb1 Rc8 11. g4 Qd8 12. Bg3 b5 13. f4 b4 14.
g5 Ne8 15. Na2 bxa3 16. bxa3 cxd4 17. c3 dxe3 18. f5 Bxg5 19. Nxf7 Qe7 20. Ne5 Nc6 21. Nxd7 Qxd7 22. fxe6 Qxe6 23. Bg4 Qe4 24. Bf3 Qe7 25. Qxd5+ Kh8 26. Be4 Nf6 27. Qxg5 Qxe4 28. Nb4 e2 29.
Rfe1 Nxb4 30. Rxb4 Qd3 31. Rb7 Rg8 32. Be5 Raf8 33.
Kf2 Ne4+ 34. Kg2 Nxg5 0-1

[Event "Late-Titled-Tuesday-Blitz-March-05-2024"]
[Site "Chess.com"]
[Date "2024.03.05"]
[Round "3"]
[White "Supelyel"]
[Black "Crazy_girl99"]
[Result "0-1"]
[WhiteElo "2371"]
[BlackElo "2563"]
[TimeControl "180+1"]
[EndTime "14:28:12 PST"]
[Termination "Crazy_girl99 won by checkmate"]

1. c4 Nf6 2. Nc3 e5 3. g3 d5 4.
cxd5 Nxd5 5. Bg2 Nb6 6. Nf3 Nc6 7. O-O Be6 8. d3 Be7 9. a3 O-O 10. b4 a6 11. Be3 Nd5 12. Nxd5 Bxd5 13. Qc2 Qd7 14.
Rfc1 f6 15. Bc5 Rad8 16. Rab1 Rf7 17. a4 Bf8 18. b5 axb5 19. axb5 Na5 20. Bxf8 Rdxf8 21.
Qc3 b6 22. Nd2 Bxg2 23. Kxg2 Qd5+ 24. Kg1 f5 25. Nc4 f4 26. Rf1 fxg3 27. hxg3 Nxc4 28. Qxc4 Qxc4 29. dxc4 e4 30. Rbd1 g6 31. e3 Kg7 32. Rd4 Re8 33. Kg2 Re5 34. Rh1 h5 35. Rh4 Rfe7 36. g4 Rg5 37. Kh3 hxg4+ 38. Rxg4 Rxg4 39. Kxg4 Kf6 40. Kf4 g5+ 41. Kg4 Ke5 42. Rd5+ Ke6 43. Rxg5 Rf7 44. Kg3 Rd7 45. Rg6+ Ke5 46.
Rg5+ Ke6 47. Kf4 Rf7+ 48. Kxe4 Rxf2 49. Rg7 Kd6 50. Rg6+ Kd7 51. Kd5 Rd2+ 52. Ke5 Rc2 53. Kd4 Rd2+ 54. Ke5 Rc2 55. Rg7+ Kc8 56. Kd5 Rd2+ 57.
Kc6 Rd6# 0-1

[Event "Late-Titled-Tuesday-Blitz-March-05-2024"]
[Site "Chess.com"]
[Date "2024.03.05"]
[Round "3"]
[White "Zhigalko_Sergei"]
[Black "Gennady_Kozlov"]
[Result "0-1"]
[WhiteElo "2884"]
[BlackElo "2689"]
[TimeControl "180+1"]
[EndTime "14:28:13 PST"]
[Termination "Gennady_Kozlov won on time"]

1. e4 e6 2. d4 d5 3. e5 c5 4.
c3 Nc6 5. Nf3 Bd7 6. Be2 Qb6 7.
O-O f6 8. dxc5 Bxc5 9. b4 Be7 10. Bf4 fxe5 11. Nxe5 Nxe5 12. Bxe5 Nf6 13. Bh5+ g6 14. Bg4 O-O 15. Nd2 Nxg4 16. Qxg4 Bf6 17. Nf3 Rae8 18.
Rfe1 Bc8 19. h4 Bxe5 20. Rxe5 Qc7 21. Qd4 b6 22. Rae1 h6 23. Qe3 Qg7 24. Nd4 Kh7 25.
Qg3 Qf6 26. R1e3 Re7 27. a4 Ref7 28. f3 Re7 29. a5 Rg8 30. Qe1 Rge8 31. axb6 axb6 32.
b5 Bd7 33. Qg3 Ra8 34. Kh2 Ra4 35. Qe1 Rc4 36. Rxd5 Rxc3 37. Rd6 Qf4+ 0-1

[Event "Late-Titled-Tuesday-Blitz-March-05-2024"]
[Site "Chess.com"]
[Date "2024.03.05"]
[Round "3"]
[White "crazyluzhinTh3"]
[Black "baki83"]
[Result "0-1"]
[WhiteElo "2554"]
[BlackElo "2813"]
[TimeControl "180+1"]
[EndTime "14:28:13 PST"]
[Termination "baki83 won on time"]

1. e4 c5 2. Nf3 e6 3. g3 Nc6 4.
Bg2 Nf6 5. Qe2 d6 6. O-O Be7 7.
c3 Ne5 8. d3 O-O 9. Nbd2 b6 10.
Nxe5 dxe5 11. Nc4 Nd7 12. f4 Ba6 13. Rd1 Qc7 14. a4 Rad8 15. f5 exf5 16. exf5 Rfe8 17. Na3 c4 18. dxc4 Bxa3 19. Rxa3 Bxc4 20. Qe1 Nc5 21.
Be3 Nd3 22. Qe2 Nf4 23. Qe1 Nxg2 24. Kxg2 Qc6+ 25. Kf2 Qe4 26. Raa1 Qxf5+ 27. Kg1 Qf3 28. Rd2 Bd5 29. Rxd5 Rxd5 30. a5 bxa5 31. Qf2 Qxf2+ 32. Kxf2 Rb8 33. Ra2 Rdb5 34. Kf3 f6 35. Ke4 R8b7 36. c4 Rxb2 37. Rxa5 Rd7 38. c5 Rc2 0-1

[Event "Late-Titled-Tuesday-Blitz-March-05-2024"]
[Site "Chess.com"]
[Date "2024.03.05"]
[Round "3"]
[White "Fh2411"]
[Black "jamengrand"]
[Result "1-0"]
[WhiteElo "2653"]
[BlackElo "2482"]
[TimeControl "180+1"]
[EndTime "14:28:14 PST"]
[Termination "Fh2411 won by resignation"]

1. d4 d5 2. Nf3 Nf6 3. Bf4 g6 4. e3 Bg7 5. h3 O-O 6. Nbd2 c5 7. c3 Nc6 8. dxc5 a5 9. a4 Nd7 10. Nb3 e5 11. Bg5 Bf6 12. Bh6 Re8 13. Qxd5 e4 14. Bc4 Qe7 15. Nfd2 Nde5 16. Qxe4 Bf5 17. Qf4 Bd3 18. Rd1 g5 19. Qg3 Nxc4 20. Nxc4 Bxc4 21. Nd4 Rad8 22. h4 Nxd4 23. cxd4 Kh8 24. Bxg5 h6 25. Bxf6+ Qxf6 26. Qf3 Qg6 27. Rh3 Bd5 28. Qf4 Re4 29. Qc7 Rg8 30. Rg3 Rg4 31. Qe5+ f6 32. Qxd5 Rxg3 33. fxg3 Qxg3+ 34. Ke2 Qxg2+ 35. Qxg2 Rxg2+ 36. Kd3 Rxb2 37. Kc4 Rb4+ 38. Kd5 Rxa4 39. Rb1 Ra3 40. Rxb7 Rxe3 41. c6 1-0

[Event "Late-Titled-Tuesday-Blitz-March-05-2024"]
[Site "Chess.com"]
[Date "2024.03.05"]
[Round "3"]
[White "xasid81"]
[Black "Vse_po_kaify"]
[Result "0-1"]
[WhiteElo "2551"]
[BlackElo "2409"]
[TimeControl "180+1"]
[EndTime "14:28:15 PST"]
[Termination "Vse_po_kaify won by resignation"]

1. e4 e5 2. Nf3 Nc6 3. Bb5 a6 4. Bxc6 dxc6 5. d4 exd4 6. Qxd4 Qxd4 7. Nxd4 c5 8. Ne2 Bd7 9. O-O O-O-O 10. Nbc3 Bc6 11. f3 Ne7 12. Be3 Ng6 13. Rad1 Be7 14.
Rxd8+ Rxd8 15. Rd1 Re8 16. Nf4 Ne5 17. b3 c4 18.
Nfd5 Bf8 19. Bf4 cxb3 20. cxb3 b6 21. Bg3 Kb7 22. Bf2 a5 23. h3 Nd7 24. Bg3 Ne5 25. a4 f6 26. Nb5 Bc5+ 27. Kf1 Bxb5+ 28. axb5 Ra8 29. Bxe5 fxe5 30. Nc3 Bd4 31. Na4 h5 32. Rc1 Rf8 33. Ke2 Rf6 34. Rc2 c6 35. bxc6+ Rxc6 36.
Rd2 b5 37. Nb2 Rc3 38. f4 Rxb3 39. Nd3 exf4 40. Nxf4 Be3 41. Rd7+ Kc6 42. Rf7 Bxf4 43. Rxf4 a4 44. Rf8 a3 45. Ra8 b4 46. e5 Kd5 47.
Ra5+ Ke6 48. g4 Rxh3 49. gxh5 Rxh5 50. Kd3 Rh2 51. Ke4 Re2+ 52. Kd4 a2 53. Ra6+ Kf5 54.
Kd5 Rxe5+ 55. Kc4 Re2 56. Kxb4 g5 57. Kc3 g4 58. Kd3 Rf2 59. Ke3 g3 60. Ra4 Rb2 61. Kf3 g2 62. Ra5+ Ke6 63. Ra6+ Kd7 64. Ra7+ Kc8 65.
Rg7 a1=Q 0-1

[Event "Late-Titled-Tuesday-Blitz-March-05-2024"]
[Site "Chess.com"]
[Date "2024.03.05"]
[Round "3"]
[White "JoakimVonAnd"]
[Black "vugarrasulov"]
[Result "0-1"]
[WhiteElo "2704"]
[BlackElo "2959"]
[TimeControl "180+1"]
[EndTime "14:28:16 PST"]
[Termination "vugarrasulov won on time"]

1. Nf3 d5 2. g3 Nf6 3. Bg2 e6 4. O-O Be7 5. c4 O-O 6. b3 d4 7. e3 Nc6 8. exd4 Nxd4 9. Bb2 Bc5 10. Nxd4 Bxd4 11. Bxd4 Qxd4 12. Nc3 Rd8 13. Nb5 Qd7 14. d4 c6 15. Nc3 Qxd4 16. Qc2 Qb6 17. Rfe1 Re8 18. Re5 Nd7 19. Rh5 Nf6 20. Re5 Bd7 21.
Rae1 Rad8 22. h4 Bc8 23. h5 h6 24. Bf3 Rd4 25. Ne2 Rd7 26. Nf4 Red8 27. R1e2 Qd4 28. Kg2 a6 29. a4 Qa1 30. a5 Rd1 31. Kh2 Rc1 32. Qb2 Qxb2 33. Rxb2 Kf8 34. b4 Rxc4 35. Kg2 Nd5 36. Bxd5 exd5 37. Rbe2 Rxb4 38. Re7 Re4 39. R2xe4 dxe4 40. Rxe4 Re8 41. Rb4 Re5 42. Nd3 Rxa5 43. f3 Ra2+ 0-1

[Event "Late-Titled-Tuesday-Blitz-March-05-2024"]
[Site "Chess.com"]
[Date "2024.03.05"]
[Round "3"]
[White "OrtizAnahi2001"]
[Black "Teidi96"]
[Result "1-0"]
[WhiteElo "2543"]
[BlackElo "2320"]
[TimeControl "180+1"]
[EndTime "14:28:16 PST"]
[Termination "OrtizAnahi2001 won by resignation"]

1. d4 Nf6 2. c4 e6 3. Nf3 d5 4.
cxd5 exd5 5. Nc3 Be7 6. Bg5 c6 7. Qc2 Nbd7 8. e3 O-O 9. Bd3 Re8 10. O-O h6 11. Bh4 a5 12. Bg3 Nf8 13. Rab1 Nh5 14.
Be5 Bd6 15. Bf5 Nf6 16. a3 Bxe5 17. Nxe5 Bxf5 18. Qxf5 N8d7 19. Nf3 Qe7 20. b4 axb4 21. axb4 b5 22. Rfc1 Nb6 23. Ne5 Qd6 24. e4 dxe4 25. Nxe4 Nxe4 26. Qxe4 Nc4 27. Qxc6 Qxc6 28. Nxc6 Re2 29.
Re1 Raa2 30. Rxe2 Rxe2 31. Rd1 Kf8 32. d5 Ke8 33. d6 Kd7 34. Nd4 Ra2 35. Nxb5 Rb2 36.
Nc3 Rxb4 37. Ne4 Rb3 38. Nc5+ 1-0

[Event "Late-Titled-Tuesday-Blitz-March-05-2024"]
[Site "Chess.com"]
[Date "2024.03.05"]
[Round "3"]
[White "sergiochess83"]
[Black "Mikasinski"]
[Result "0-1"]
[WhiteElo "2854"]
[BlackElo "2678"]
[TimeControl "180+1"]
[EndTime "14:28:17 PST"]
[Termination "Mikasinski won on time"]

1. c4 e5 2. g3 Nc6 3. Bg2 Bc5 4. Nc3 d6 5. e3 Bf5 6. d3 Nge7 7. Nge2 h5 8. h3 a6 9. a3 Ba7 10. b4 Qd7 11.
Bb2 Rb8 12. Rc1 h4 13. g4 Bh7 14. Nd5 Nxd5 15. cxd5 Ne7 16. d4 e4 17. Nc3 f5 18.
gxf5 Bxf5 19. Nxe4 Nxd5 20. Ng5 Nf6 21. e4 Bg6 22.
O-O O-O 23. f4 Rbe8 24. f5 Bh5 25. Qb3+ Bf7 26. Qe3 c6 27. Qf4 Re7 28. Qxh4 Rfe8 29. Kh1 Bb8 30. Rce1 Bc4 31. Rg1 Qc7 32. d5 cxd5 33.
Ne6 Rxe6 34. fxe6 dxe4 0-1

[Event "Late-Titled-Tuesday-Blitz-March-05-2024"]
[Site "Chess.com"]
[Date "2024.03.05"]
[Round "3"]
[White "Nick12772"]
[Black "Pelusiansky"]
[Result "0-1"]
[WhiteElo "2393"]
[BlackElo "2568"]
[TimeControl "180+1"]
[EndTime "14:28:17 PST"]
[Termination "Pelusiansky won on time"]

1. Nf3 d5 2. g3 e6 3. Bg2 Nf6 4. O-O Be7 5. d3 O-O 6. Nbd2 b6 7. b3 Bb7 8. Bb2 a5 9. a3 Nbd7 10. Re1 a4 11. h3 axb3 12. cxb3 Nc5 13. Ne5 Nfd7 14.
d4 Nxe5 15. dxc5 Nd7 16. cxb6 c6 17. b4 Nxb6 18. Bd4 Na4 19. Nb3 Bf6 20. Na5 Bxd4 21.
Qxd4 c5 22. Qd1 Rxa5 23. bxa5 Qxa5 24. Qb3 Bc6 25. Reb1 g6 26. Qc2 Ra8 27. h4 c4 28.
h5 Qc3 29. Qxc3 Nxc3 30. Rb2 gxh5 31. Bf3 Kg7 32. Bxh5 d4 33. Rd2 e5 34. a4 Bxa4 35.
Bf3 Rb8 36. Bg4 Ne4 37. Rda2 Bb3 38. Ra7 c3 39. Bf3 Ng5 40. Rd7 Nxf3+ 41. exf3 Be6 42. Rda7 c2 43. Kg2 Rb1 0-1

[Event "Late-Titled-Tuesday-Blitz-March-05-2024"]
[Site "Chess.com"]
[Date "2024.03.05"]
[Round "3"]
[White "Inepton_Fermion"]
[Black "madstalk3rs"]
[Result "0-1"]
[WhiteElo "2471"]
[BlackElo "2649"]
[TimeControl "180+1"]
[EndTime "14:28:18 PST"]
[Termination "madstalk3rs won on time"]

1. Nf3 d5 2. b3 Nf6 3. Bb2 Bf5 4. e3 e6 5. d4 h6 6. Bd3 Bxd3 7. Qxd3 Bd6 8. O-O O-O 9. c4 c6 10. Nc3 Nbd7 11.
e4 dxe4 12. Nxe4 Nxe4 13. Qxe4 Qe7 14. Rad1 Rad8 15. Rfe1 Nf6 16. Qc2 Rfe8 17. d5 cxd5 18. cxd5 Bb4 19. Bxf6 Qxf6 20. Re4 Bd6 21. dxe6 Rxe6 22.
Red4 Rde8 23. Qd3 Bc7 24. Rd7 Bb6 25. Rxb7 Re2 26. Rf1 Rxf2 27. Kh1 Rxf1+ 28. Qxf1 Re3 29. Qb1 g6 30. Qd1 Kg7 31. h3 g5 32. Qd5 Re6 33. Kh2 Rd6 34. Qc4 Be3 35. Qe2 Bf4+ 36. Kg1 Qa1+ 37.
Qf1 Rd1 0-1

[Event "Late-Titled-Tuesday-Blitz-March-05-2024"]
[Site "Chess.com"]
[Date "2024.03.05"]
[Round "3"]
[White "cristianserban1"]
[Black "Sokoloco"]
[Result "1/2-1/2"]
[WhiteElo "2517"]
[BlackElo "2752"]
[TimeControl "180+1"]
[EndTime "14:28:19 PST"]
[Termination "Game drawn by repetition"]

1. d4 d6 2. e4 g6 3. Nc3 Bg7 4. f4 Nf6 5. Nf3 O-O 6. Qd2 c5 7. dxc5 Nc6 8. cxd6 exd6 9. Bd3 a6 10. O-O b5 11. a3 Bb7 12. h3 Re8 13. Re1 b4 14. axb4 Nxb4 15. Qf2 Re7 16. Bd2 Nd7 17. Be3 Qc7 18. Bd4 Bxd4 19. Qxd4 Qc5 20. Na4 Qxd4+ 21.
Nxd4 Rae8 22. g3 Bxe4 23. Bxe4 Rxe4 24. Rxe4 Rxe4 25. c3 Nd3 26. Rd1 Re3 27. Kg2 N7c5 28. Nxc5 dxc5 29. Nc6 Nxb2 30. Rd8+ Kg7 31. Ne5 Rxc3 32.
Rd7 Nc4 33. Nxf7 Kf8 34. Ng5 h6 35. Nh7+ Ke8 36. Nf6+ Kf8 37. Nh7+ Ke8 38. Nf6+ Kf8 39. Nh7+ 1/2-1/2

[Event "Late-Titled-Tuesday-Blitz-March-05-2024"]
[Site "Chess.com"]
[Date "2024.03.05"]
[Round "3"]
[White "TheoSlade"]
[Black "JaackCamel"]
[Result "1-0"]
[WhiteElo "2422"]
[BlackElo "2203"]
[TimeControl "180+1"]
[EndTime "14:28:19 PST"]
[Termination "TheoSlade won by resignation"]

1. d4 d5 2. c4 e6 3. Nf3 c6 4.
e3 Nf6 5. Nc3 Nbd7 6. Qc2 dxc4 7. Bxc4 b5 8. Be2 a6 9. O-O c5 10. b3 Bb7 11. Bb2 Qb6 12. Rfd1 Rc8 13. Rac1 cxd4 14. Rxd4 b4 15. Na4 Rxc2 16. Nxb6 Rxc1+ 17. Bxc1 Nxb6 18. Bd2 Bc5 19. Rh4 Nbd5 20. Ne5 Ke7 21. Nd3 Bd6 22. Nxb4 Rc8 23. Nxd5+ Bxd5 24. Bd3 h6 25.
Ra4 Bb7 26. f3 Bc5 27. Bxa6 Bxa6 28. Rxa6 Rd8 29. Ba5 Bxe3+ 30. Kf1 Nd5 31. Bxd8+ Kxd8 32. Ke2 Bd4 33. Ra8+ Kd7 34. g3 g6 35. Kd3 Bc5 36. a3 Bg1 37. h3 h5 38. b4 Bf2 39. g4 hxg4 40. hxg4 Kc6 41. Rf8 f6 42. Kc4 Nb6+ 43. Kb3 f5 44. Rf6 Kd5 45. Rxg6 fxg4 46. Rxg4 Bd4 47.
Rg5+ e5 48. Rg8 Nc4 49. Rd8+ Kc6 50. Kxc4 1-0

[Event "Late-Titled-Tuesday-Blitz-March-05-2024"]
[Site "Chess.com"]
[Date "2024.03.05"]
[Round "3"]
[White "GMthekingindian"]
[Black "corvachesky"]
[Result "1/2-1/2"]
[WhiteElo "2306"]
[BlackElo "2512"]
[TimeControl "180+1"]
[EndTime "14:28:22 PST"]
[Termination "Game drawn by repetition"]

1. d4 Nf6 2. c3 d5 3. Bg5 Bf5 4.
Nd2 e6 5. e3 Be7 6. f4 Ne4 7.
Bxe7 Qxe7 8. Nxe4 Bxe4 9. Nf3 O-O 10. Bd3 f5 11. O-O Nd7 12. Bxe4 fxe4 13. Ne5 Nxe5 14. fxe5 Qg5 15. Qe2 c5 16. Rxf8+ Rxf8 17. Rf1 cxd4 18. Rxf8+ Kxf8 19. cxd4 Ke7 20. Qd2 Kd7 21. Qf2 Ke7 22.
Qd2 b6 23. h3 Kd7 24. Qf2 Kc6 25. Qc2+ Kb7 26. Qf2 a5 27. Qf7+ Ka6 28. Kf2 Qh4+ 29. Kf1 Qh6 30. Kf2 a4 31. Qe8 Qh4+ 32. Kf1 Qg3 33. Qxa4+ Kb7 34. Qd7+ Ka6 35. Qc8+ Ka7 36. Qc7+ Ka6 37. Qc3 g5 38. a4 g4 39. hxg4 Qxg4 40. Qc8+ Ka5 41. Qc3+ Kxa4 42. Qc6+ Ka5 43. Qc3+ Kb5 44.
Qb3+ Kc6 45. Qa4+ Kb7 46. Qd7+ Kb8 47. Qd8+ Kb7 48. Qd7+ Ka8 49. Qc8+ Ka7 50. Qd7+ Ka6 51. Qa4+ Kb7 52. Qd7+ 1/2-1/2

[Event "Late-Titled-Tuesday-Blitz-March-05-2024"]
[Site "Chess.com"]
[Date "2024.03.05"]
[Round "3"]
[White "katharinareinecke"]
[Black "titomagno_64"]
[Result "0-1"]
[WhiteElo "1986"]
[BlackElo "2308"]
[TimeControl "180+1"]
[EndTime "14:28:22 PST"]
[Termination "titomagno_64 won on time"]

1. e4 Nf6 2. e5 Nd5 3. Nc3 Nb6 4. d4 d6 5. Nf3 Bg4 6. Be2 Nc6 7.
exd6 exd6 8. O-O Be7 9. h3 Bh5 10. d5 Nb8 11. a4 O-O 12. a5 N6d7 13. b4 Nf6 14. Bg5 Nbd7 15. Nd4 Bg6 16. Bf3 Nxd5 17. Bxd5 Bxg5 18. Bxb7 Rb8 19. a6 Bf6 20. Nc6 Qe8 21.
Ra3 Ne5 22. Nxb8 Qxb8 23. Nd5 Bd8 24. f4 c6 25. fxe5 cxd5 26. Qxd5 dxe5 27. Re3 Bb6 28. Re1 Bxc2 29. Kh1 Bxe3 30. Rxe3 e4 31. Re2 Bd3 32. Re1 Qg3 33. Rg1 h6 34. Qd7 Qe5 35. Bd5 Bxa6 36. b5 Bc8 37. Qc6 Bf5 38. Qb7 e3 39. Bf3 Qc5 40. Qc6 Qxc6 41. bxc6 Re8 42. Be2 Be4 43. Ra1 Bxc6 44. Rxa7 Bd5 45. Kh2 f5 46. g4 f4 47.
Kg1 f3 48. Bd3 e2 0-1

[Event "Late-Titled-Tuesday-Blitz-March-05-2024"]
[Site "Chess.com"]
[Date "2024.03.05"]
[Round "3"]
[White "Schattman"]
[Black "mightysmasher"]
[Result "0-1"]
[WhiteElo "2430"]
[BlackElo "2588"]
[TimeControl "180+1"]
[EndTime "14:28:23 PST"]
[Termination "mightysmasher won on time"]

1. Nf3 d5 2. b3 c5 3. e3 Nf6 4. Bb2 e6 5. c4 Be7 6. cxd5 exd5 7. d4 cxd4 8. Nxd4 O-O 9. Be2 Nc6 10. O-O Bd7 11. Nc3 Rc8 12. Rc1 h6 13. Re1 Re8 14.
Bf3 Nxd4 15. Qxd4 Bc5 16. Qd3 Be6 17. Red1 Qe7 18. Nxd5 Nxd5 19. Bxd5 Bxd5 20. Qxd5 Rcd8 21. Qf3 Bb6 22. g3 f6 23. Kg2 Rxd1 24. Rxd1 Rd8 25.
Rxd8+ Qxd8 26. Qxb7 Qd2 27. Qa8+ Kf7 28. Qb7+ Kg8 29.
Qc8+ Kh7 30. Qc3 Qd5+ 31. f3 Qd1 32. Bc1 Qe2+ 33. Kh3 Qxf3 34. Qc2+ f5 35. Qd3 Kh8 36. Qb5 Qg4+ 37. Kg2 Qe4+ 38. Kh3 Qf3 39. Qe8+ Kh7 40. Qc8 Qf1+ 41. Kh4 g5+ 0-1

[Event "Late-Titled-Tuesday-Blitz-March-05-2024"]
[Site "Chess.com"]
[Date "2024.03.05"]
[Round "3"]
[White "Viktor_Poddubnyi"]
[Black "dennisodessa"]
[Result "0-1"]
[WhiteElo "2279"]
[BlackElo "2565"]
[TimeControl "180+1"]
[EndTime "14:28:23 PST"]
[Termination "dennisodessa won on time"]

1. e4 e6 2. d4 d5 3. Nd2 Be7 4.
Ngf3 Nf6 5. e5 Nfd7 6. Bd3 c5 7. c3 Nc6 8. O-O cxd4 9. cxd4 f6 10. Nb3 O-O 11.
Qc2 h6 12. Qe2 fxe5 13. Nxe5 Ncxe5 14. dxe5 Nc5 15. Nxc5 Bxc5 16. Qg4 Qc7 17. Bxh6 Qxe5 18. Qg6 Qf6 19. Qh7+ Kf7 20. Be3 d4 21. Bd2 Bd7 22. Rae1 Rh8 23. Qe4 Bc6 24. Qg4 Rh4 25. Qg3 Rah8 26.
h3 R4h5 27. Bc4 Bd5 28. Bxd5 Rxd5 29. Re4 Rhh5 30. Rfe1 e5 31. f4 d3+ 32. Kh1 Bd6 33. fxe5 Rhxe5 34. Qg4 Kg8 35. Rxe5 Rxe5 36. Qc4+ Qf7 37. Qxf7+ Kxf7 38. Rxe5 Bxe5 39. b3 Ke6 40. g4 Kd5 41. Kg2 Ke4 42. Kf2 Bf4 0-1

[Event "Late-Titled-Tuesday-Blitz-March-05-2024"]
[Site "Chess.com"]
[Date "2024.03.05"]
[Round "3"]
[White "IlanSchnaider"]
[Black "masterofpuppets2"]
[Result "1-0"]
[WhiteElo "2651"]
[BlackElo "2477"]
[TimeControl "180+1"]
[EndTime "14:28:25 PST"]
[Termination "IlanSchnaider won by resignation"]

1. d4 d5 2. Nf3 c5 3. c3 Nf6 4. Bf4 Nc6 5. e3 Nh5 6. Be5 f6 7. Bg3 Nxg3 8. hxg3 Qb6 9. Qc2 Bf5 10. Qxf5 Qxb2 11.
Nfd2 Qxa1 12. Qc2 c4 13. Be2 e6 14. Bh5+ Kd7 15. O-O b5 16. e4 g6 17. Bf3 Bd6 18.
exd5 exd5 19. Bxd5 Rae8 20. Ne4 Be7 21. Nbd2 Qxf1+ 22. Kxf1 f5 23. Nc5+ Bxc5 24. Bxc6+ Kxc6 25. dxc5 Rd8 26. Nf3 Kxc5 27. a4 a6 28. axb5 axb5 29. Qb2 Kb6 30.
Nd4 Rd5 31. Qb4 Rhd8 32. Ke2 Rxd4 33. cxd4 Rxd4 34. f3 Rd3 35. Qe7 Rb3 36. Qxh7 c3 37. Qxg6+ Ka5 38. Qxf5 Rb2+ 39. Kd3 c2 40. Kd2 Ra2 41.
Qxc2 Rxc2+ 42. Kxc2 Ka4 43. Kb2 Kb4 44. g4 Kc4 45. g5 1-0